Map: Simulacrum LE

Players

chrissofer - Winner!

  • Race: Terran Terran
  • League: Silver
  • Spawn Location: 11:00

VOD

Have the link to the VOD?

Description

Time

  • Played on: Feb. 17, 2020, 10:50 p.m.
  • Length: 18:59
Show
View Real Time Build Order
Export as new Build Order

chrissofer Terran - Winner!

Build Orders:  

Get SALT Encoding   

  12  0:01  SCV  
  13  0:25  SCV  
  14  0:40  Supply Depot  
  14  0:47  SCV  
  15  1:10  SCV  
  15  1:19  Barracks  
  16  1:29  SCV  
  17  1:34  Refinery  
  17  1:52  SCV  
  18  2:15  Supply Depot, SCV  
  19  2:56  Barracks Tech Lab  
  19  3:09  Barracks  
  19  3:11  Barracks  
  19  3:44  Marauder  
  21  4:11  SCV  
  21  4:19  Refinery  
  22  4:20  Marauder  
  25  4:34  Orbital Command  
  24  4:40  Barracks Reactor x2  
  24  4:52  Marauder  
  26  5:10  Supply Depot  
  26  5:33  Marauder  
  26  5:35  Marine x3  
  31  5:49  Supply Depot  
  31  5:57  Concussive Shells  
  31  6:11  SCV  
  32  6:28  SCV  
  33  6:30  Supply Depot  
  33  6:34  Marine  
  33  6:35  Marine x2  
  33  6:36  Marine  
  33  6:37  Marauder  
  39  7:04  Stimpack  
  39  7:14  Marine x4  
  39  7:15  Marauder  
  39  7:18  SCV  
  46  7:53  Engineering Bay  
  46  7:57  Engineering Bay, Marine x2  
  46  7:58  Marine x2  
  50  8:00  Marauder  
  52  8:30  Marine x2  
  52  8:31  Marine  
  55  8:42  Supply Depot  
  55  8:44  Supply Depot  
  55  8:49  Terran Infantry Weapons Level 1  
  55  8:51  Terran Infantry Armor Level 1  
  55  8:59  Marine  
  55  9:04  Marauder  
  44  9:57  Marine x3  
  44  9:58  Marine, Marauder  
  43  10:23  Marine  
  43  10:24  Marine x3  
  43  10:29  Marauder  
  47  10:51  Marine x4  
  47  10:59  Marauder  
  53  11:05  Unknown  
  48  12:30  Marine x4  
  48  12:31  Marauder  
  41  13:04  Factory  
  41  13:18  Marine  
  41  13:19  Marine x3  
  45  13:20  Marauder  
  47  13:41  Command Center  
  47  13:43  Marine  
  47  13:44  Marine x3  
  51  13:50  Marauder  
  53  14:07  Hi-Sec Auto Tracking  
  53  14:08  Marine  
  53  14:09  Marine x3  
  57  14:20  Marauder  
  57  14:29  Starport  
  59  14:33  Marine  
  59  14:34  Marine x3  
  63  14:50  Marauder  
  63  14:51  Armory  
  63  14:58  Marine  
  63  14:59  Marine x3  
  69  15:03  Structure Armor  
  64  15:20  Marauder  
  66  15:42  Marine  
  66  15:43  Marine x3  
  70  15:50  Marauder  
  72  16:07  Marine  
  72  16:08  Marine x2  
  75  16:37  Marine  
  75  16:38  Marine x3  
  75  16:39  Marauder  
  73  17:28  Marine  
  73  17:29  Marine x3  
  77  17:30  Marauder  
  79  17:42  Starport Reactor  
  79  17:53  Marine  
  79  17:54  Marine x2  
Tags
 
League
Silver
Matchup
Co-op
Add a new tag
Caveats
  • Supply blocks, unpowered buildings, or Contaminate may cause inaccurate times.
  • Supply counts are checked every 10 seconds.